 Dungeon Crawl Stone Soup version 0.24.0-13-gcf9b319 (webtiles) character file.

Game seed: 9155424291718975931, levelgen mode: deterministic

44609 2bobheroes the Prestidigitator (level 14, -8/108 HPs)
             Began as a Gnoll Artificer on Feb 27, 2020.
             Was the Champion of Okawaru.
             Shot with a bolt by an orc warrior (18 damage)
             ... on level 2 of the Orcish Mines on Feb 29, 2020.
             The game lasted 02:16:18 (26710 turns).

2bobheroes the Prestidigitator (Gnoll Artificer)   Turns: 26710, Time: 02:16:18

Health: -8/108     AC: 15    Str: 16    XL:     14   Next: 29%
Magic:  31/36      EV: 20    Int: 12    God:    Okawaru [******]
Gold:   1018       SH:  0    Dex: 21    Spells: 2/31 levels left

rFire    + . .     SeeInvis +   h - +7 hunting sling of Iqohot Haef {venom, MR+ MP+9}
rCold    . . .     Gourm    .   (no shield)
rNeg     . . .     Faith    .   y - +0 leather armour "Haghuhoi" {rF+}
rPois    +         Spirit   .   o - +2 hat
rElec    .         Reflect  .   Q - +2 cloak {rPois}
rCorr    .         Harm     .   m - +1 pair of gloves
MR       +++..     Clarity  +   W - +2 pair of boots {run}
Stlth    ++++......             b - amulet of rage
HPRegen  0.28/turn              z - ring of protection from magic
MPRegen  0.25/turn              P - ring of see invisible

@: quick
A: distributed training, fangs 1, horns 1, clarity, dopey 1, strong 1, wild
magic 1, strong nose
a: Heroism, Finesse, Renounce Religion, Evoke Berserk Rage


You were on level 2 of the Orcish Mines.
You worshipped Okawaru.
Okawaru was exalted by your worship.
You were very hungry.

You visited 3 branches of the dungeon, and saw 18 of its levels.

You collected 1464 gold pieces.
You spent 446 gold pieces at shops.

Inventory:

Hand Weapons
 a - a +1 dagger of draining
 h - the +7 hunting sling of Iqohot Haef (weapon) {venom, MR+ MP+9}
   (You found it on level 8 of the Dungeon)

   It poisons the ammo it fires.
   It affects your resistance to hostile enchantments.
   It affects your magic capacity (+9).
 x - a +3 hunting sling of freezing
 A - the +4 long sword "Ceug" {antimagic, rF+ Int+4 Dex+2}
   (You found it on level 3 of the Lair of Beasts)

   It reduces the magical energy of the wielder, and disrupts the spells and
   magical abilities of those hit.
   Natural abilities and divine invocations are not affected.
   It affects your intelligence (+4).
   It affects your dexterity (+2).
   It protects you from fire.
 L - a +5 vampiric battleaxe
Missiles
 g - 183 sling bullets
 i - 196 stones (quivered)
 r - 140 bolts
 w - 2 atropa-tipped darts
 B - 13 boomerangs
 E - 114 arrows
Armour
 m - a +1 pair of gloves (worn)
 o - a +2 hat (worn)
 y - the +0 leather armour "Haghuhoi" (worn) {rF+}
   (You found it on level 3 of the Lair of Beasts)

   It protects you from fire.
 Q - a +2 cloak of poison resistance (worn)
 W - a +2 pair of boots of running (worn)
Magical Staves
 K - an uncursed staff of wizardry
Jewellery
 b - an amulet of rage (around neck)
 s - an uncursed ring of protection from fire
 t - an uncursed ring of wizardry
 z - a ring of protection from magic (left hand)
 O - the ring of Luddouklo {Ice rElec MR+ Str+2 Dex-3}
   (You found it on level 8 of the Dungeon)

   [ring of ice]

   It enhances your ice magic.
   It affects your strength (+2).
   It affects your dexterity (-3).
   It makes you vulnerable to fire.
   It protects you from cold.
   It insulates you from electricity.
   It affects your resistance to hostile enchantments.
 P - a ring of see invisible (right hand)
Wands
 d - a wand of enslavement (13)
 C - a wand of paralysis (20)
 R - a wand of scattershot (10)
 U - a wand of iceblast (13)
Scrolls
 e - a scroll of vulnerability
 j - 2 scrolls of magic mapping
 l - a scroll of torment
 p - 6 scrolls of teleportation
 q - 2 scrolls of enchant armour {unknown}
 u - 5 scrolls of enchant weapon
 I - 8 scrolls of remove curse
 J - a scroll of silence {unknown}
 T - a scroll of blinking
 Z - 3 scrolls of fog
Potions
 c - a potion of resistance
 k - 3 potions of mutation
 n - 8 potions of curing
 v - 2 potions of invisibility {unknown}
 H - 2 potions of brilliance
 S - 3 potions of flight
 V - 2 potions of might {unknown}
 X - 3 potions of agility {unknown}
 Y - 2 potions of lignification
Miscellaneous
 D - a phial of floods
 M - a lamp of fire
 N - a lamp of fire
Comestibles
 f - 32 rations


   Skills:
 + Level 9.3 Fighting
 + Level 9.3 Short Blades
 + Level 9.0 Long Blades
 + Level 9.0 Axes
 + Level 9.0 Maces & Flails
 + Level 9.0 Polearms
 + Level 9.0 Staves
 + Level 9.0 Slings
 + Level 9.0 Bows
 + Level 9.0 Crossbows
 + Level 9.0 Throwing
 + Level 9.0 Armour
 + Level 10.0 Dodging
 + Level 9.3 Stealth
 + Level 9.0 Shields
 + Level 9.0 Unarmed Combat
 + Level 9.0 Spellcasting
 + Level 7.4 Conjurations
 + Level 7.4 Hexes
 + Level 7.4 Charms
 + Level 7.4 Summonings
 + Level 7.4 Necromancy
 + Level 7.4 Translocations
 + Level 7.4 Transmutations
 + Level 7.4 Fire Magic
 + Level 7.4 Ice Magic
 + Level 7.4 Air Magic
 + Level 7.4 Earth Magic
 + Level 7.4 Poison Magic
 + Level 9.7 Invocations
 + Level 11.0 Evocations


You had 2 spell levels left.
You knew the following spells:

 Your Spells              Type           Power        Failure   Level  Hunger
a - Animate Skeleton      Necr           N/A          1%          1    None
b - Tukima's Dance        Hex            ####....     4%          3    ##.....
c - Portal Projectile     Hex/Tloc       ####..       4%          3    ##.....
d - Swiftness             Chrm/Air       ####....     2%          2    None
e - Regeneration          Chrm/Necr      ####......   4%          3    ##.....
f - Infusion              Chrm           ####         1%          1    None
g - Vampiric Draining     Necr           ####......   4%          3    ##.....
h - Mephitic Cloud        Conj/Pois/Air  ####....     4%          3    ##.....
i - Borgnjor's Vile Clut  Necr/Erth      ####......   28%         5    #####..
j - Metabolic Englaciati  Hex/Ice        ####......   28%         5    #####..

Your spell library contained the following spells:

 Spells                   Type           Power        Failure   Level  Hunger
 Confusing Touch          Hex            ####..       1%          1    None
 Corona                   Hex            ####...      1%          1    None
 Pain                     Necr           ####         1%          1    None
 Shock                    Conj/Air       ####         1%          1    None
 Summon Small Mammal      Summ           ####         1%          1    None
 Call Imp                 Summ           ####....     2%          2    None
 Ensorcelled Hibernation  Hex/Ice        ####..       2%          2    None
 Shroud of Golubria       Chrm/Tloc      ####..       2%          2    None
 Slow                     Hex            ####....     2%          2    None
 Song of Slaying          Chrm           ####....     2%          2    None
 Call Canine Familiar     Summ           ####....     4%          3    ##.....
 Confuse                  Hex            ####....     4%          3    ##.....
 Dazzling Spray           Conj/Hex       ####..       4%          3    ##.....
 Gell's Gravitas          Tloc           ####......   4%          3    ##.....
 Inner Flame              Hex/Fire       ####....     4%          3    ##.....
 Recall                   Summ/Tloc      N/A          4%          3    ##.....
 Spectral Weapon          Hex/Chrm       ####....     4%          3    ##.....
 Static Discharge         Conj/Air       ####....     4%          3    ##.....
 Summon Guardian Golem    Hex/Summ       ####....     4%          3    ##.....
 Airstrike                Air            ####......   11%         4    ####...
 Animate Dead             Necr           N/A          11%         4    ####...
 Cause Fear               Hex            ####......   11%         4    ####...
 Leda's Liquefaction      Hex/Erth       ####......   11%         4    ####...
 Petrify                  Tmut/Erth      ####....     11%         4    ####...
 Summon Ice Beast         Ice/Summ       ####....     11%         4    ####...
 Summon Lightning Spire   Summ/Air       ####....     11%         4    ####...
 Irradiate                Conj/Tmut      ####......   28%         5    #####..
 Lightning Bolt           Conj/Air       ####......   28%         5    #####..
 Silence                  Hex/Air        ####......   28%         5    #####..
 Yara's Violent Unravell  Hex/Tmut       ####......   28%         5    #####..
 Death Channel            Necr           ####......   80%         6    #######
 Deflect Missiles         Chrm/Air       ####......   80%         6    #######
 Simulacrum               Ice/Necr       ####......   80%         6    #######
 Discord                  Hex            ####......   100%        8    #######


Dungeon Overview and Level Annotations

Branches:
Dungeon (10/15)            Temple (0/1) D:7            Lair (6/6) D:8
  Swamp (0/4) Lair:2       Spider (0/4) Lair:4        Slime (0/5) Lair:6
    Orc (2/2) D:10
    Elf: Orc:2

Altars:
Dithmenos
Makhleb
Nemelex Xobeh
Okawaru
Qazlal
Ru
Sif Muna
Trog
Xom
The Shining One
Beogh
Jiyva

Shops:
D:9 [   D:10 ?

Annotations:
D:6 2 transporters, ClockworkOrrery's ghost, novice GrFi
Orc:2 Saint Roka


Innate Abilities, Weirdness & Mutations

Your experience applies equally to all skills.
You have very sharp teeth.
Your uncanny sense of smell can sniff out nearby items.
You have a pair of small horns on your head.
You possess an exceptional clarity of mind.
You are dopey. (Int -2)
Your muscles are strong. (Str +2)
Your spells are a little harder to cast, but a little more powerful.


Message History

Found 26 gold pieces.
The centaur shoots an arrow.
The arrow hits you.
* * * LOW HITPOINT WARNING * * *
You see here an arrow.
Your skin stops crawling.
An orc comes into view. It is wielding a +0 hand axe.
The centaur shoots an arrow.
The arrow closely misses you.
You see here an arrow.
Casting: Regeneration (safe; 4% risk of failure)
Confirm with . or Enter, or press ? or * to list all spells.
You radiate an aura of cold.
The centaur seems to slow down.
The orc warrior seems to slow down.
The orc seems to slow down.
The orc shouts!
You are feeling very hungry.
The centaur shoots an arrow.
The arrow hits you.
* * * LOW HITPOINT WARNING * * *
The orc unwields a +0 hand axe.
The orc wields a +0 arbalest.
The orc shoots a bolt.
The bolt closely misses you.
The orc warrior shoots a bolt.
The bolt hits you!!
You die...

#(............
##o..o...c....o
#.............
##.............
#..(...........
#..............
#..............
#..............
#......@.......
##.$..#........
###.###...#...
### #### ##


You could see 2 orc warriors, a centaur and an orc.

Vanquished Creatures
  4 hydras
  3 catoblepae (Lair:6)
  3 two-headed ogres
  13 death yaks
  Urug (Lair:6)
  An orc high priest (Orc:1)
  The ghost of korthal the Covert, a novice OpTm of Ru (D:8)
  An ugly thing (D:7)
  3 manticores
  A cyclops (Orc:1)
  6 elephants (Lair:6)
  A torpor snail (Lair:2)
  Maurice (D:8)
  4 black mambas
  7 spiny frogs
  4 komodo dragons
  A polar bear (Lair:6)
  A troll (Orc:2)
  A queen bee (Lair:3)
  A tyrant leech (Lair:2)
  11 blink frogs
  3 hippogriffs
  5 wyverns
  2 spriggans
  22 yaks
  A redback (Lair:4)
  A basilisk (Lair:2)
  A warg (Orc:1)
  15 water moccasins
  6 porcupines
  A sky beast (D:6)
  2 black bears (D:8)
  4 ice beasts
  15 orc warriors
  3 phantoms
  10 ogres
  5 centaurs
  9 crocodiles
  15 bullfrogs
  A water moccasin zombie (D:9)
  29 killer bees
  6 scorpions
  3 wights (D:10)
  6 crimson imps
  6 hounds
  4 jellies
  A quasit (D:8)
  2 bullfrog skeletons
  11 orc wizards
  A centaur skeleton (D:5)
  6 orc priests
  6 worker ants
  2 hell rats (D:8)
  57 orcs
  2 hound skeletons
  A gnoll (D:8)
  11 adders
  3 shadow imps
  4 oozes
  An adder zombie (D:7)
  2 adder skeletons
  2 worms
  A dart slug (D:1)
  5 leopard geckos
  10 bats
  2 giant cockroaches
  10 hobgoblins
  6 jackals
  4 quokkas
  2 ball pythons
  9 frilled lizards
  6 goblins
  3 jackal skeletons
  4 kobolds
  A quokka zombie (D:5)
  11 rats
  A fungus (Lair:1)
431 creatures vanquished.

Vanquished Creatures (collateral kills)
  A death yak (Lair:6)
  2 elephants (Lair:6)
  A black mamba (Lair:6)
  A komodo dragon (Lair:3)
  4 yaks (Lair:6)
  An orc warrior (Orc:1)
  2 wights (D:10)
  4 orc priests
  An orc wizard (D:10)
  3 orcs
  A plant (Lair:6)
21 creatures vanquished.

Vanquished Creatures (others)
  2 orc wizards
  An orc (D:3)
  7 fungi
  6 plants
16 creatures vanquished.

Grand Total: 468 creatures vanquished

Notes
Turn   | Place    | Note
-------+----------+-------------------------------------------
     0 | D:1      | 2bobheroes the Gnoll Artificer began the quest for the Orb.
     0 | D:1      | Reached XP level 1. HP: 17/17 MP: 4/4
   213 | D:1      | Reached XP level 2. HP: 23/23 MP: 6/6
   806 | D:1      | Reached XP level 3. HP: 28/28 MP: 7/7
  1311 | D:2      | Reached skill level 1 in Invocations
  1335 | D:2      | Found a faded altar of an unknown god.
  1349 | D:2      | Became a worshipper of Xom of Unknown Intention
  1366 | D:2      | XOM: harmless Chrm miscast
  1486 | D:2      | Reached skill level 1 in Long Blades
  1486 | D:2      | Reached skill level 1 in Axes
  1486 | D:2      | Reached skill level 1 in Maces & Flails
  1486 | D:2      | Reached skill level 1 in Polearms
  1486 | D:2      | Reached skill level 1 in Staves
  1486 | D:2      | Reached skill level 1 in Slings
  1486 | D:2      | Reached skill level 1 in Bows
  1486 | D:2      | Reached skill level 1 in Crossbows
  1486 | D:2      | Reached skill level 1 in Throwing
  1486 | D:2      | Reached skill level 1 in Armour
  1486 | D:2      | Reached skill level 1 in Shields
  1486 | D:2      | Reached skill level 1 in Unarmed Combat
  1486 | D:2      | Reached skill level 1 in Spellcasting
  1730 | D:2      | Reached XP level 4. HP: 25/34 MP: 8/8
  1840 | D:2      | XOM: give mutations
  1840 | D:2      | Gained mutation: You can translocate small distances at
                  | will. [Xom's grace]
  1840 | D:2      | Gained mutation: Your muscles are strong. (Str +2) [Xom's
                  | grace]
  1841 | D:2      | Found a glowing golden altar of the Shining One.
  1884 | D:2      | Found a shadowy altar of Dithmenos.
  1914 | D:2      | Found a bloodstained altar of Trog.
  1914 | D:2      | Found a stormy altar of Qazlal.
  1915 | D:2      | Found an iron altar of Okawaru.
  1921 | D:2      | Fell from the grace of Xom
  1921 | D:2      | Became a worshipper of Warmaster Okawaru
  2175 | D:3      | XOM: medium Necr miscast
  2606 | D:3      | Reached skill level 1 in Conjurations
  2606 | D:3      | Reached skill level 1 in Hexes
  2606 | D:3      | Reached skill level 1 in Charms
  2606 | D:3      | Reached skill level 1 in Summonings
  2606 | D:3      | Reached skill level 1 in Necromancy
  2606 | D:3      | Reached skill level 1 in Translocations
  2606 | D:3      | Reached skill level 1 in Transmutations
  2606 | D:3      | Reached skill level 1 in Fire Magic
  2606 | D:3      | Reached skill level 1 in Ice Magic
  2606 | D:3      | Reached skill level 1 in Air Magic
  2606 | D:3      | Reached skill level 1 in Earth Magic
  2606 | D:3      | Reached skill level 1 in Poison Magic
  2659 | D:3      | Reached XP level 5. HP: 16/40 MP: 9/9
  2906 | D:3      | XOM: 2-stop teleportation journey
  2920 | D:3      | XOM: 4-stop teleportation journey
  2959 | D:3      | Found a shimmering blue altar of Sif Muna.
  3922 | D:4      | Reached XP level 6. HP: 47/47 MP: 11/11
  4013 | D:4      | Reached * piety under Okawaru
  4013 | D:4      | Reached skill level 5 in Dodging
  4055 | D:4      | Learned a level 2 spell: Swiftness
  4442 | D:4      | Reached XP level 7. HP: 52/52 MP: 12/12
  4794 | D:5      | Entered Level 5 of the Dungeon
  4806 | D:4      | Reached ** piety under Okawaru
  4806 | D:4      | Reached skill level 7 in Evocations
  4868 | D:4      | XOM: summons 5 hostile demons
  5030 | D:5      | Learned a level 3 spell: Tukima's Dance
  5034 | D:5      | Learned a level 3 spell: Confuse
  5538 | D:5      | Found a burning altar of Makhleb.
  5540 | D:5      | Noticed a cacodemon
  6192 | D:5      | Reached XP level 8. HP: 12/60 MP: 13/13
  6902 | D:6      | Found a transporter.
  6904 | D:6      | Found a transporter.
  6905 | D:6      | Noticed ClockworkOrrery's ghost (novice GrFi)
  6906 | D:6      | Noticed a vampire
  7096 | D:6      | XOM: mild Tmut miscast
  7282 | D:6      | Found a sparkling altar of Nemelex Xobeh.
  7298 | D:6      | XOM: mild Ice miscast
  7555 | D:7      | Reached *** piety under Okawaru
  8025 | D:7      | Reached XP level 9. HP: 58/66 MP: 14/14
  8382 | D:7      | Found a staircase to the Ecumenical Temple.
  8891 | D:7      | XOM: noise
  9075 | D:8      | Noticed a two-headed ogre
  9157 | D:6      | Killed a two-headed ogre
  9157 | D:6      | Reached **** piety under Okawaru
  9157 | D:6      | Reached skill level 5 in Fighting
  9157 | D:6      | Reached skill level 5 in Short Blades
  9157 | D:6      | Reached skill level 5 in Stealth
  9164 | D:6      | XOM: silly message
  9457 | D:7      | Reached skill level 8 in Evocations
  9514 | D:7      | XOM: harmless Summ miscast
  9607 | D:8      | Noticed a green ugly thing
  9659 | D:6      | XOM: harmless Ice miscast
  9769 | D:8      | XOM: harmless Summ miscast
  9788 | D:8      | Noticed a six-headed hydra
  9841 | D:8      | Found a sacrificial altar of Ru.
  9850 | D:8      | Got a translucent hunting sling
  9851 | D:8      | Identified the +7 hunting sling of Iqohot Haef {venom, MR+
                  | MP+9} (You found it on level 8 of the Dungeon)
 10030 | D:8      | Received a gift from Okawaru
 10099 | D:8      | Reached skill level 5 in Invocations
 10150 | D:8      | XOM: harmless Tloc miscast
 10248 | D:8      | Reached XP level 10. HP: 63/74 MP: 17/17
 10410 | D:8      | Noticed a manticore
 10417 | D:8      | Killed a manticore
 10483 | D:8      | HP: 2/75 [six-headed hydra (5)]
 10504 | D:8      | Killed a six-headed hydra
 10504 | D:8      | Reached skill level 5 in Long Blades
 10504 | D:8      | Reached skill level 5 in Axes
 10504 | D:8      | Reached skill level 5 in Maces & Flails
 10504 | D:8      | Reached skill level 5 in Polearms
 10504 | D:8      | Reached skill level 5 in Staves
 10504 | D:8      | Reached skill level 5 in Slings
 10504 | D:8      | Reached skill level 5 in Bows
 10504 | D:8      | Reached skill level 5 in Crossbows
 10504 | D:8      | Reached skill level 5 in Throwing
 10504 | D:8      | Reached skill level 5 in Armour
 10504 | D:8      | Reached skill level 5 in Shields
 10504 | D:8      | Reached skill level 5 in Unarmed Combat
 10504 | D:8      | Reached skill level 5 in Spellcasting
 10637 | D:8      | XOM: mild Hex miscast
 10852 | D:8      | XOM: mild Ice miscast
 10929 | D:8      | XOM: medium Tmut miscast
 10940 | D:8      | XOM: noise
 10987 | D:8      | Noticed a two-headed ogre
 10995 | D:8      | Gained mutation: You occasionally shout uncontrollably at
                  | your foes. [mutagenic glow]
 11003 | D:8      | Killed a two-headed ogre
 11003 | D:8      | Reached ***** piety under Okawaru
 11003 | D:8      | Received a gift from Okawaru
 11025 | D:8      | Lost mutation: You can translocate small distances at will.
                  | [potion of mutation]
 11025 | D:8      | Lost mutation: Your muscles are strong. (Str +2) [potion of
                  | mutation]
 11025 | D:8      | Lost mutation: You occasionally shout uncontrollably at
                  | your foes. [potion of mutation]
 11025 | D:8      | Gained mutation: Your body sometimes deteriorates upon
                  | taking damage. [potion of mutation]
 11025 | D:8      | Gained mutation: You are frail. (-10% HP) [potion of
                  | mutation]
 11025 | D:8      | Gained mutation: You are covered in fur. (AC +1) [potion of
                  | mutation]
 11094 | D:8      | Identified the Guide on the Harmful Rocks
 11095 | D:8      | Got a scintillating jade ring
 11218 | D:8      | Noticed a death yak
 11227 | D:8      | Noticed a death yak
 11263 | D:8      | Noticed a death yak
 11310 | D:8      | Killed a death yak
 11552 | D:7      | Killed a green ugly thing
 11789 | D:8      | Noticed Maurice
 11805 | D:8      | Killed Maurice
 11805 | D:8      | Reached XP level 11. HP: 64/73 MP: 19/19
 11908 | D:8      | XOM: mild Chrm miscast
 12062 | D:8      | Killed a death yak
 12062 | D:8      | Received a gift from Okawaru
 12087 | D:8      | Killed a death yak
 12087 | D:8      | Reached skill level 9 in Evocations
 12186 | D:8      | XOM: give mutation
 12186 | D:8      | Gained mutation: Your spells are a little harder to cast,
                  | but a little more powerful. [Xom's grace]
 12187 | D:8      | Lost mutation: You are frail. (-10% HP) [potion of
                  | mutation]
 12187 | D:8      | Lost mutation: You are covered in fur. (AC +1) [potion of
                  | mutation]
 12187 | D:8      | Lost mutation: Your body sometimes deteriorates upon taking
                  | damage. [potion of mutation]
 12187 | D:8      | Gained mutation: You have a pair of small horns on your
                  | head. [potion of mutation]
 12187 | D:8      | Gained mutation: You possess an exceptional clarity of
                  | mind. [potion of mutation]
 12187 | D:8      | Gained mutation: You are dopey. (Int -2) [potion of
                  | mutation]
 12187 | D:8      | Gained mutation: Your muscles are strong. (Str +2) [potion
                  | of mutation]
 12387 | D:8      | Found a runed translucent gate.
 12388 | D:8      | Found a runed translucent gate.
 12389 | D:8      | Found a runed translucent gate.
 12391 | D:8      | Noticed korthal's ghost (novice OpTm)
 12405 | D:8      | XOM: scenery: 3 doors close
 12406 | D:8      | Killed korthal's ghost
 12406 | D:8      | Reached skill level 5 in Conjurations
 12406 | D:8      | Reached skill level 5 in Hexes
 12406 | D:8      | Reached skill level 5 in Charms
 12406 | D:8      | Reached skill level 5 in Summonings
 12406 | D:8      | Reached skill level 5 in Necromancy
 12406 | D:8      | Reached skill level 5 in Translocations
 12406 | D:8      | Reached skill level 5 in Transmutations
 12406 | D:8      | Reached skill level 5 in Fire Magic
 12406 | D:8      | Reached skill level 5 in Ice Magic
 12406 | D:8      | Reached skill level 5 in Air Magic
 12406 | D:8      | Reached skill level 5 in Earth Magic
 12406 | D:8      | Reached skill level 5 in Poison Magic
 12464 | D:8      | Found a staircase to the Lair.
 12747 | D:8      | Found a roughly hewn altar of Beogh.
 12798 | D:8      | Was forgiven by Xom
 12857 | Lair:1   | Entered Level 1 of the Lair of Beasts
 14868 | Lair:1   | Identified the ring of Luddouklo {Ice rElec MR+ Str+2
                  | Dex-3} (You found it on level 8 of the Dungeon)
 15093 | Lair:2   | Learned a level 1 spell: Animate Skeleton
 15097 | Lair:2   | Learned a level 3 spell: Regeneration
 15099 | Lair:2   | Learned a level 1 spell: Infusion
 15103 | Lair:2   | Learned a level 3 spell: Vampiric Draining
 15107 | Lair:2   | Learned a level 3 spell: Mephitic Cloud
 15566 | Lair:2   | Found a staircase to the Swamp.
 15627 | Lair:2   | Received a gift from Okawaru
 15627 | Lair:2   | Reached XP level 12. HP: 28/91 MP: 22/22
 15645 | Lair:2   | Identified a +2 pair of boots of running (Okawaru gifted it
                  | to you on level 2 of the Lair of Beasts)
 16692 | Lair:3   | Got a bronze leather armour
 16698 | Lair:3   | Identified the +0 leather armour "Haghuhoi" {rF+} (You
                  | found it on level 3 of the Lair of Beasts)
 17991 | Lair:3   | Got a scorched long sword
 17992 | Lair:3   | Identified the +4 long sword "Ceug" {antimagic, rF+ Int+4
                  | Dex+2} (You found it on level 3 of the Lair of Beasts)
 18149 | Lair:3   | Learned a level 5 spell: Borgnjor's Vile Clutch
 18656 | Lair:4   | Found a hole to the Spider Nest.
 19661 | Lair:5   | Noticed a six-headed hydra
 19668 | Lair:5   | Noticed an eight-headed hydra
 19866 | Lair:5   | Killed a six-headed hydra
 19981 | Lair:5   | Reached skill level 10 in Evocations
 20823 | Lair:5   | Killed an eight-headed hydra
 20912 | Lair:5   | Received a gift from Okawaru
 20912 | Lair:5   | Reached XP level 13. HP: 94/98 MP: 24/24
 21575 | Lair:6   | Entered Level 6 of the Lair of Beasts
 22405 | Lair:6   | Noticed Urug
 22454 | Lair:6   | Killed Urug
 22610 | Lair:6   | Received a gift from Okawaru
 22852 | Lair:6   | Reached ****** piety under Okawaru
 22880 | Lair:6   | Received a gift from Okawaru
 23140 | Lair:6   | Found a runed translucent door.
 23140 | Lair:6   | Found a viscous altar of Jiyva.
 23142 | Lair:6   | Found a staircase to the Slime Pits.
 23831 | Lair:6   | Received a gift from Okawaru
 24107 | Lair:6   | Reached XP level 14. HP: 99/108 MP: 26/26
 25005 | D:9      | Found Deck's Armour Emporium.
 25015 | D:9      | Bought a +1 pair of gloves for 138 gold pieces
 25088 | D:9      | Learned a level 3 spell: Portal Projectile
 25094 | D:9      | Learned a level 5 spell: Metabolic Englaciation
 25408 | D:10     | Entered Level 10 of the Dungeon
 25408 | D:10     | Found Busoup's Magic Scroll Boutique.
 25415 | D:10     | Bought a scroll of fog for 28 gold pieces
 25415 | D:10     | Bought a scroll of identify for 28 gold pieces
 25415 | D:10     | Bought a scroll of identify for 28 gold pieces
 25415 | D:10     | Bought a scroll of teleportation for 42 gold pieces
 25415 | D:10     | Bought a scroll of teleportation for 42 gold pieces
 25415 | D:10     | Bought a scroll of immolation for 49 gold pieces
 25415 | D:10     | Bought a scroll of teleportation for 42 gold pieces
 25415 | D:10     | Bought a scroll of immolation for 49 gold pieces
 25786 | D:10     | Found a staircase to the Orcish Mines.
 25821 | Orc:1    | Entered Level 1 of the Orcish Mines
 25908 | Orc:1    | Reached skill level 10 in Dodging
 26123 | Orc:2    | Entered Level 2 of the Orcish Mines
 26123 | Orc:2    | Noticed Saint Roka
 26673 | Orc:2    | Reached skill level 11 in Evocations
 26690 | Orc:2    | Received a gift from Okawaru
 26710 | Orc:2    | Shot with a bolt by an orc warrior

Levels and vault maps discovered:
D:1:      nzn_arrival_crosshair, layout_basic
D:2:      layout_rooms, grunt_dithmenos_smoke_and_mirrors,
          gammafunk_temple_overflow_claw, minitemple,
          chequers_ecumenical_altar_island, tso_altar
D:3:      layout_basic, led_sif_book, serial_curves, eino_curves_03,
          eino_curves_01
D:4:      layout_basic
D:5:      layout_loops_ring, makhleb_altar_promises_db, first_ration
D:6:      layout_rooms, serial_curves, eino_curves_03, eino_curves_03,
          eino_curves_01, eino_curves_04, gammafunk_ghost_mausoleum,
          nemelex_spade_bored_becter
D:7:      layout_basic, minmay_temple_entry_mist
D:8:      minmay_the_grid_octo_2x2 [minmay_the_grid_octo_teeth,
          minmay_the_grid_octo_chip, minmay_the_grid_octo_thin_diamonds,
          minmay_the_grid_octo_prize_square_snowflake], layout_loops_ring,
          old_standard_altar, dpeg_lair_monsters, special_room
          [special_room_orc], ebering_ghost_rock_garden, the_bakery,
          kennysheep_potato, uniq_maurice
D:9:      layout_roguey, serial_shops, nicolae_shop_stone, dk_rats_in_the_wall
D:10:     layout_irregular_city, david_orc_4, serial_shops, shop
Lair:1:   layout_layer_cave, grunt_forest_large_clearing_hut
Lair:2:   layout_chaotic_city, minmay_swamp_entry_worms, grunt_megastairs_2
Lair:3:   layout_roguey, special_room [special_room_bee], lemuel_fruit_tree
Lair:4:   layout_loops_ring, spider_nest_entry_webs, lemuel_fruit_fields
Lair:5:   layout_regular_city
Lair:6:   evilmike_catoblepas_cave, layout_hall_layers, slime_altar_2,
          lemuel_fruit_fields, uniq_urug
Orc:1:    layout_diamond_mine
Orc:2:    st_orc_rangers, layout_diamond_mine, uniq_erolcha, uniq_saint_roka

Skill      XL: |  1  2  3  4  5  6  7  8  9 10 11 12 13 14 |
---------------+-------------------------------------------+-----
Invocations    | 1 2 3 4 5 6 7 8 9 |  9.7
Long Blades    | 1 2 3 4 5 6 7 8 9 |  9.0
Axes           | 1 2 3 4 5 6 7 8 9 |  9.0
Maces & Flails | 1 2 3 4 5 6 7 8 9 |  9.0
Polearms       | 1 2 3 4 5 6 7 8 9 |  9.0
Staves         | 1 2 3 4 5 6 7 8 9 |  9.0
Slings         | 1 2 3 4 5 6 7 8 9 |  9.0
Bows           | 1 2 3 4 5 6 7 8 9 |  9.0
Crossbows      | 1 2 3 4 5 6 7 8 9 |  9.0
Throwing       | 1 2 3 4 5 6 7 8 9 |  9.0
Armour         | 1 2 3 4 5 6 7 8 9 |  9.0
Shields        | 1 2 3 4 5 6 7 8 9 |  9.0
Unarmed Combat | 1 2 3 4 5 6 7 8 9 |  9.0
Spellcasting   | 1 2 3 4 5 6 7 8 9 |  9.0
Conjurations   | 1 2 3 4 5 6 7 |  7.4
Hexes          | 1 2 3 4 5 6 7 |  7.4
Charms         | 1 2 3 4 5 6 7 |  7.4
Summonings     | 1 2 3 4 5 6 7 |  7.4
Necromancy     | 1 2 3 4 5 6 7 |  7.4
Translocations | 1 2 3 4 5 6 7 |  7.4
Transmutations | 1 2 3 4 5 6 7 |  7.4
Fire Magic     | 1 2 3 4 5 6 7 |  7.4
Ice Magic      | 1 2 3 4 5 6 7 |  7.4
Air Magic      | 1 2 3 4 5 6 7 |  7.4
Earth Magic    | 1 2 3 4 5 6 7 |  7.4
Poison Magic   | 1 2 3 4 5 6 7 |  7.4
Fighting       | 3 4 5 6 7 8 9 |  9.3
Short Blades   | 3 4 5 6 7 8 9 |  9.3
Stealth        | 3 4 5 6 7 8 9 |  9.3
Dodging        | 5 6 7 8 9 10 | 10.0
Evocations     | 7 8 9 10 11 | 11.0

Action                   |  1- 3 |  4- 6 |  7- 9 | 10-12 | 13-15 || total
-------------------------+-------+-------+-------+-------+-------++-------
Melee: Short sword       |   109 |   176 |   163 |     3 |       ||   451
       Bite              |     7 |    22 |    50 |    10 |    23 ||   112
       Punch             |       |     3 |    10 |     4 |    13 ||    30
       Mace              |       |       |   164 |     3 |       ||   167
       Trident           |       |       |    12 |       |       ||    12
       Rapier            |       |       |       |    73 |     5 ||    78
       Headbutt          |       |       |       |    26 |    31 ||    57
       Dagger            |       |       |       |     7 |    84 ||    91
       Battleaxe         |       |       |       |       |     2 ||     2
 Fire: Hunting sling     |       |       |    71 |   589 |   540 ||  1200
       Hand crossbow     |       |       |       |    10 |    14 ||    24
Throw: Stone             |    26 |    40 |    13 |       |       ||    79
       Dart              |       |    14 |    60 |     9 |       ||    83
 Cast: Swiftness         |       |       |       |     2 |       ||     2
       Vampiric Draining |       |       |       |    17 |     1 ||    18
       Regeneration      |       |       |       |     2 |     4 ||     6
       Animate Skeleton  |       |       |       |     1 |    43 ||    44
       Borgnjor's Vile C |       |       |       |       |     6 ||     6
       Mephitic Cloud    |       |       |       |       |     2 ||     2
       Metabolic Englaci |       |       |       |       |     1 ||     1
       Portal Projectile |       |       |       |       |     1 ||     1
Invok: Heroism           |       |       |     1 |       |     1 ||     2
       Finesse           |       |       |       |       |     1 ||     1
 Abil: Blink             |       |       |    14 |     4 |       ||    18
Evoke: Wand              |     6 |     4 |    10 |     3 |       ||    23
  Use: Scroll            |       |     4 |     6 |    13 |     5 ||    28
       Potion            |       |       |       |     7 |     2 ||     9
 Stab: Sleeping          |     4 |     7 |     1 |     4 |     3 ||    19
       Paralysed         |       |       |     9 |     4 |       ||    13
       Distracted        |       |       |       |     1 |     3 ||     4
       Confused          |       |       |       |       |     1 ||     1
  Eat: Chunk             |     2 |     9 |    13 |    11 |    19 ||    54
       Ration            |       |       |     2 |     6 |       ||     8
Armor: Leather armour    |    23 |     9 |       |    57 |    51 ||   140
       Ring mail         |       |    36 |    99 |    34 |       ||   169
Dodge: Dodged            |    78 |   128 |   334 |   389 |   237 ||  1166
